RedWings vs Predators

Created - Sunday, March 01, 2015 at 02:15

Goals
1 2 3 T
RedWings 0 1 2 3
Predators 1 2 1 4
Shots
1 2 3 T
RedWings 4 15 4 23
Predators 11 14 9 34

1st period

1. Predators , Patrice Bergeron 25 (Valtteri Filppula, Corey Perry) at 0:10

Penalties :
Zenon Konopka (Det) for Holding (Minor) at 0:20, Jonas Hiller (Det) for Slashing (Minor) at 1:20 - Alexei Emelin served the penalty, Alexei Emelin (Det) for Holding Stick (Minor) at 15:04

2nd period

2. Predators , Patrice Bergeron 26 (Valtteri Filppula) at 0:54
3. Predators , Tomas Plekanec 9 (Ben Smith) at 2:34
4. RedWings , Eric Gryba 5 (Jannik Hansen, Pascal Dupuis) at 4:51

Penalties :
Johnny Boychuk (Det) for Interference (Minor) at 5:17, Antoine Vermette (Nsh) for Holding (Minor) at 6:54, Jannik Hansen (Det) for Interference (Minor) at 11:03, Roman Josi (Nsh) for Diving (Minor) at 14:28, Justin Abdelkader (Det) for Hooking (Minor) at 19:48

3rd period

5. RedWings , David Moss 9 (Chris VandeVelde, Jason Demers) at 5:08
6. RedWings , David Moss 10 (Chris VandeVelde, Jason Demers) at 6:50
7. Predators , Valtteri Filppula 25 (Patrice Bergeron) at 12:25

Penalties :
Trevor Daley (Nsh) for Goalie Interference (Minor) at 7:01, Zenon Konopka (Det) for Diving (Minor) at 9:14

Goalie Stats

Jonas Hiller (Det), 30 saves from 34 shots - (0.882), L, 14-32-3, 59:48 minutes
Anders Lindback (Nsh), 20 saves from 23 shots - (0.870), W, 1-2-0, 60:00 minutes

Players Stats for RedWings

Player Name              G  A  P  +/- PIM S  H  SB GA TA FO     MP     PP MP  PK MP  
------------------------------------------------------------------------------------
Alexei Emelin            0  0  0  -1  2   1  1  0  1  0  0/0    19:13   1:55   4:21 
Bryan Bickell            0  0  0   2  0   4  3  0  0  0  1/1    16:16   2:58   0:00 
Chris VandeVelde         0  2  2   2  0   1  1  0  0  1  3/9    11:58   0:00   0:00 
David Moss               2  0  2   2  0   2  1  0  1  1  0/3    18:28   2:58   2:45 
Devante Smith-Pelly      0  0  0  -1  0   1  0  0  0  0  0/0    13:10   2:30   0:29 
Eric Gryba               1  0  1   0  0   1  1  1  0  1  0/0    17:03   3:40   1:29 
Jannik Hansen            0  1  1  -2  2   2  0  0  5  0  0/0    20:33   2:58   3:30 
Jason Demers             0  2  2  -1  0   3  1  0  1  3  0/0    21:28   1:55   5:29 
John-Michael Liles       0  0  0  -1  0   1  1  2  0  0  0/0    19:10   0:00   5:34 
Johnny Boychuk           0  0  0   0  2   3  1  3  2  3  0/0    25:44   3:22   6:06 
Justin Abdelkader        0  0  0  -1  2   0  2  0  3  1  3/11   20:19   2:37   6:31 
Milan Michalek           0  0  0  -1  0   0  2  0  0  0  4/18   23:25   2:37   7:02 
Nick Leddy               0  0  0   0  0   1  0  0  1  0  0/0    14:45   0:25   2:05 
Pascal Dupuis            0  1  1  -2  0   3  2  1  0  0  2/6    13:30   0:00   0:00 
Paul Postma              0  0  0   1  0   0  0  0  0  0  0/0     2:53   0:00   0:00 
Travis Moen              0  0  0   0  0   0  0  0  1  0  0/0     5:00   0:00   0:00 
Zac Rinaldo              0  0  0   0  0   0  1  0  0  0  0/0     8:40   0:00   3:15 
Zenon Konopka            0  0  0  -2  4   0  3  0  0  0  0/0    14:26   0:00   0:33 

Players Stats for Predators

Player Name              G  A  P  +/- PIM S  H  SB GA TA FO     MP     PP MP  PK MP  
------------------------------------------------------------------------------------
Antoine Vermette         0  0  0  -2  2   5  3  0  2  1  18/22  23:40   5:46   2:19 
Ben Smith                0  1  1   0  0   0  0  1  1  0  0/0    11:05   0:00   0:00 
Brian Lashoff            0  0  0   1  0   1  2  2  0  1  0/0    14:16   0:00   0:49 
Corey Perry              0  1  1   3  0   1  3  1  1  0  1/1    19:06   6:10   0:00 
Corey Tropp              0  0  0  -1  0   0  1  0  0  0  0/0     6:56   0:00   0:00 
Damien Brunner           0  0  0  -1  0   0  1  1  0  0  1/1    16:14   6:22   0:00 
Ed Jovanovski            0  0  0  -1  0   1  2  2  1  1  0/0    21:32   4:08   2:43 
Eric Fehr                0  0  0   0  0   1  2  0  3  1  0/0    15:09   0:00   2:52 
Evander Kane             0  0  0  -1  0   7  5  0  4  0  0/0    20:06   6:22   2:43 
Matt Halischuk           0  0  0   0  0   0  0  0  0  0  0/0     0:00   0:00   0:00 
Nick Schultz             0  0  0   1  0   1  0  3  0  0  0/0    20:48   4:08   4:10 
Patrice Bergeron         2  1  3   3  0   5  1  0  4  0  9/16   18:52   5:52   0:34 
Patrick Maroon           0  0  0  -1  0   0  1  0  2  0  1/1     6:56   0:00   0:00 
Roman Josi               0  0  0  -1  2   2  1  2  0  1  0/0    26:15   8:24   1:25 
Tomas Plekanec           1  0  1   0  0   1  0  2  2  0  5/7    16:57   0:53   2:42 
Trevor Daley             0  0  0   1  2   1  0  0  1  3  0/0    24:22   8:24   2:03 
Valtteri Filppula        1  2  3   3  0   8  0  0  3  1  0/0    18:19   6:10   0:00 
Victor Bartley           0  0  0   1  0   0  1  0  0  0  0/0    13:27   0:00   0:00 

3 Stars

1 - Patrice Bergeron (Nsh)
2 - Valtteri Filppula (Nsh)
3 - David Moss (Det)

Power Play

RedWings - 0 on 3 Attempt(s) - 0.00%
Predators - 0 on 7 Attempt(s) - 0.00%

Penalty Kill

RedWings - 7 on 7 Attempt(s) - 100.00% - Score 0 goal in Penalty Kill
Predators - 3 on 3 Attempt(s) - 100.00% - Score 0 goal in Penalty Kill

Team Stat

RedWings - Hits : 20 - Faceoff Wins : 13 - Blocked Shots : 7 - Penalty Minutes : 12
Predators - Hits : 23 - Faceoff Wins : 35 - Blocked Shots : 14 - Penalty Minutes : 6

Official

Referees : Unknown
Linesman : Unknown

Game Notes

No Game Note

Finance

Level 1 -- Attendance: 4452 (74.20%) -- Ticket Income $391,776
Level 2 -- Attendance: 4341 (86.82%) -- Ticket Income $230,073
Level 3 -- Attendance: 2000 (100.00%) -- Ticket Income $62,000
Level 4 -- Attendance: 2899 (72.48%) -- Ticket Income $55,081
Luxury Box -- Attendance: 888 (88.80%) -- Ticket Income $159,840
Game was played at the Gaylord Entertainment Center'
Total Attendance: 14580 (81.00%)
Total Ticket Income: $898,770
Other Income: $440,397
Total Income: $1,339,167

RedWings

5 vs 5 Forward 
   Center                   Left Wing                Right Wing               Time % Phy DF OF 
 1 Justin Abdelkader        Milan Michalek           Devante Smith-Pelly      35     1   2  2  
 2 Pascal Dupuis            Jannik Hansen            Zenon Konopka            30     1   2  2  
 3 Chris VandeVelde         Bryan Bickell            David Moss               22     1   2  2  
 4 Milan Michalek           Zac Rinaldo              Travis Moen              13     1   2  2  

5 vs 5 Defense 
   Defense                  Defense                                           Time % Phy DF OF 
 1 John-Michael Liles       Johnny Boychuk                                    35     1   2  2  
 2 Alexei Emelin            Jason Demers                                      30     1   2  2  
 3 Eric Gryba               Nick Leddy                                        22     1   2  2  
 4 Paul Postma              Johnny Boychuk                                    13     1   2  2  

PowerPlay Forward 
   Center                   Left Wing                Right Wing               Time % Phy DF OF 
 1 Justin Abdelkader        Milan Michalek           Devante Smith-Pelly      60     1   2  2  
 2 David Moss               Jannik Hansen            Bryan Bickell            40     1   2  2  

PowerPlay Defense
   Defense                  Defense                                           Time % Phy DF OF 
 1 Eric Gryba               Johnny Boychuk                                    60     1   2  2  
 2 Alexei Emelin            Jason Demers                                      40     1   2  2  

Penalty Kill 4 Players Forward 
   Center                   Wing                     Time % Phy DF OF 
 1 Milan Michalek           Justin Abdelkader        60     1   2  2  
 2 David Moss               Jannik Hansen            40     1   2  2  

Penalty Kill 4 Players Defense
   Defense                  Defense                  Time % Phy DF OF 
 1 John-Michael Liles       Johnny Boychuk           60     1   2  2  
 2 Alexei Emelin            Jason Demers             40     1   2  2  

Penalty Kill - 3 Players Forward 
   Forward                                           Time % Phy DF OF 
 1 Milan Michalek                                    60     1   2  2  
 2 Justin Abdelkader                                 40     1   2  2  

Penalty Kill - 3 Players Defense
   Defense                  Defense                  Time % Phy DF OF 
 1 Eric Gryba               Johnny Boychuk           60     1   2  2  
 2 Alexei Emelin            Jason Demers             40     1   2  2  

4 vs 4 Forward 
   Center                   Wing                     Time % Phy DF OF 
 1 Milan Michalek           Justin Abdelkader        60     1   2  2  
 2 David Moss               Jannik Hansen            40     1   2  2  

4 vs 4 Defense
   Defense                  Defense                  Time % Phy DF OF 
 1 Nick Leddy               Johnny Boychuk           60     1   2  2  
 2 Alexei Emelin            Jason Demers             40     1   2  2  

Last Minutes Offensive
   Center                   Left Wing                Right Wing               Defense                  Defense                  
   Justin Abdelkader        Milan Michalek           David Moss               John-Michael Liles       Johnny Boychuk           

Last Minutes Defensive
   Center                   Left Wing                Right Wing               Defense                  Defense                  
   Justin Abdelkader        Milan Michalek           David Moss               John-Michael Liles       Johnny Boychuk           

Goaltenders
Starting : Jonas Hiller             
Backup : Jhonas Enroth            

Extra Forwards
Normal : Bryan Bickell, Devante Smith-Pelly, Zac Rinaldo - PP : Bryan Bickell, Devante Smith-Pelly - PK : Zac Rinaldo
Extra Defensemen
Normal : Eric Gryba, Nick Leddy, Alexei Emelin - PP : Eric Gryba - PK : Nick Leddy, Alexei Emelin
Penalty Shots
Milan Michalek, Justin Abdelkader, David Moss, Jannik Hansen, Travis Moen

Predators

5 vs 5 Forward 
   Center                   Left Wing                Right Wing               Time % Phy DF OF 
 1 Patrice Bergeron         Valtteri Filppula        Corey Perry              30     0   1  4  
 2 Antoine Vermette         Evander Kane             Damien Brunner           30     0   1  4  
 3 Tomas Plekanec           Ben Smith                Eric Fehr                20     1   2  2  
 4 Antoine Vermette         Patrick Maroon           Corey Tropp              20     5   0  0  

5 vs 5 Defense 
   Defense                  Defense                                           Time % Phy DF OF 
 1 Roman Josi               Ed Jovanovski                                     37     1   2  2  
 2 Trevor Daley             Nick Schultz                                      37     1   2  2  
 3 Brian Lashoff            Victor Bartley                                    13     2   3  0  
 4 Roman Josi               Trevor Daley                                      13     1   2  2  

PowerPlay Forward 
   Center                   Left Wing                Right Wing               Time % Phy DF OF 
 1 Antoine Vermette         Valtteri Filppula        Corey Perry              50     0   0  5  
 2 Patrice Bergeron         Evander Kane             Damien Brunner           50     0   0  5  

PowerPlay Defense
   Defense                  Defense                                           Time % Phy DF OF 
 1 Roman Josi               Trevor Daley                                      70     0   1  4  
 2 Ed Jovanovski            Nick Schultz                                      30     0   1  4  

Penalty Kill 4 Players Forward 
   Center                   Wing                     Time % Phy DF OF 
 1 Tomas Plekanec           Evander Kane             50     0   5  0  
 2 Antoine Vermette         Eric Fehr                50     0   5  0  

Penalty Kill 4 Players Defense
   Defense                  Defense                  Time % Phy DF OF 
 1 Roman Josi               Ed Jovanovski            50     1   4  0  
 2 Trevor Daley             Nick Schultz             50     1   4  0  

Penalty Kill - 3 Players Forward 
   Forward                                           Time % Phy DF OF 
 1 Tomas Plekanec                                    50     0   5  0  
 2 Antoine Vermette                                  50     0   5  0  

Penalty Kill - 3 Players Defense
   Defense                  Defense                  Time % Phy DF OF 
 1 Roman Josi               Victor Bartley           55     1   4  0  
 2 Trevor Daley             Nick Schultz             45     1   4  0  

4 vs 4 Forward 
   Center                   Wing                     Time % Phy DF OF 
 1 Patrice Bergeron         Corey Perry              50     1   1  3  
 2 Antoine Vermette         Evander Kane             50     2   1  2  

4 vs 4 Defense
   Defense                  Defense                  Time % Phy DF OF 
 1 Roman Josi               Ed Jovanovski            55     1   2  2  
 2 Trevor Daley             Nick Schultz             45     1   3  1  

Last Minutes Offensive
   Center                   Left Wing                Right Wing               Defense                  Defense                  
   Patrice Bergeron         Valtteri Filppula        Corey Perry              Roman Josi               Trevor Daley             

Last Minutes Defensive
   Center                   Left Wing                Right Wing               Defense                  Defense                  
   Antoine Vermette         Evander Kane             Corey Perry              Roman Josi               Trevor Daley             

Goaltenders
Starting : Anders Lindback          
Backup : Kari Lehtonen            

Extra Forwards
Normal : Patrice Bergeron, Corey Perry, Tomas Plekanec - PP : Tomas Plekanec, Eric Fehr - PK : Antoine Vermette
Extra Defensemen
Normal : Roman Josi, Trevor Daley, Ed Jovanovski - PP : Nick Schultz - PK : Nick Schultz, Brian Lashoff
Penalty Shots
Patrice Bergeron, Eric Fehr, Corey Perry, Valtteri Filppula, Antoine Vermette

% Time on Ice - RedWings

Lines # - Real PCT - Wanted PCT - Time Play
Normal Forward
1 - 25% - 35% - 10:16
2 - 33% - 30% - 13:43
3 - 29% - 22% - 11:58
4 - 12% - 13% - 5:00
Normal Defense
1 - 33% - 35% - 13:24
2 - 34% - 30% - 14:04
3 - 26% - 22% - 10:36
4 - 7% - 13% - 2:53
PP Forward
1 - 47% - 60% - 2:37
2 - 53% - 40% - 2:58
PP Defense
1 - 66% - 60% - 3:40
2 - 34% - 40% - 1:55
PK Forward
1 - 76% - 60% - 8:48
2 - 24% - 40% - 2:45
PK Defense
1 - 53% - 60% - 6:04
2 - 47% - 40% - 5:29
PK3 Forward
1 - 44% - 60% - 0:26
2 - 56% - 40% - 0:33
PK3 Defense
1 - 100% - 60% - 0:59
2 - 0% - 40% - 0:00
44 Forward
1 - 100% - 60% - 0:22
2 - 0% - 40% - 0:00
44 Defense
1 - 100% - 60% - 0:22
2 - 0% - 40% - 0:00
Last Minute Offensive  - 0:34
Last Minute Defensive  - 0:00
Total
Forward - 60:00
Defense - 60:00

% Time on Ice - Predators

Lines # - Real PCT - Wanted PCT - Time Play
Normal Forward
1 - 30% - 30% - 12:09
2 - 26% - 30% - 10:34
3 - 27% - 20% - 11:05
4 - 17% - 20% - 6:56
Normal Defense
1 - 35% - 37% - 14:23
2 - 31% - 37% - 12:30
3 - 32% - 13% - 13:00
4 - 2% - 13% - 0:51
PP Forward
1 - 49% - 50% - 6:10
2 - 51% - 50% - 6:22
PP Defense
1 - 67% - 70% - 8:24
2 - 33% - 30% - 4:08
PK Forward
1 - 48% - 50% - 2:42
2 - 52% - 50% - 2:53
PK Defense
1 - 49% - 50% - 2:43
2 - 51% - 50% - 2:52
PK3 Forward
1 - 0% - 50%
2 - 0% - 50%
PK3 Defense
1 - 0% - 55%
2 - 0% - 45%
44 Forward
1 - 0% - 50% - 0:00
2 - 100% - 50% - 0:22
44 Defense
1 - 100% - 55% - 0:22
2 - 0% - 45% - 0:00
Last Minute Offensive  - 0:00
Last Minute Defensive  - 0:47
Total
Forward - 60:00
Defense - 60:00

Play by Play

1st period


0:01 of 1st period - Corey Perry wins face-off versus Justin Abdelkader in neutral zone.
0:08 of 1st period - Wrist shot by Patrice Bergeron.
0:08 of 1st period - Shot Misses the Net.
0:10 of 1st period - Slapshot by Patrice Bergeron.
0:10 of 1st period - Goal by Patrice Bergeron - RedWings : 0 - Predators : 1.
0:11 of 1st period - Antoine Vermette wins face-off versus Pascal Dupuis in neutral zone.
0:14 of 1st period - Alexei Emelin is hit by Evander Kane and loses puck.
0:20 of 1st period - Minor Penalty to Zenon Konopka for Holding.
0:21 of 1st period - Antoine Vermette wins face-off versus Milan Michalek in RedWings zone.
0:25 of 1st period - Snap shot by Valtteri Filppula.
0:25 of 1st period - Stopped by Jonas Hiller with a rebound.
0:27 of 1st period - Wrist shot by Trevor Daley.
0:27 of 1st period - Shot Blocked by Johnny Boychuk.
0:29 of 1st period - Slapshot by Trevor Daley.
0:29 of 1st period - Stopped by Jonas Hiller with a rebound.
0:46 of 1st period - Off-side.
0:47 of 1st period - Damien Brunner wins face-off versus David Moss in neutral zone.
1:18 of 1st period - Snap shot by Evander Kane.
1:18 of 1st period - Stopped by Jonas Hiller with a rebound.
1:20 of 1st period - Slapshot by Ed Jovanovski.
1:20 of 1st period - Deflect By Jason Demers.
1:20 of 1st period - Stopped by Jonas Hiller without a rebound.
1:20 of 1st period - Minor Penalty to Jonas Hiller for Slashing.
1:21 of 1st period - Antoine Vermette wins face-off versus Milan Michalek in RedWings zone.
1:26 of 1st period - Slapshot by Corey Perry.
1:26 of 1st period - Stopped by Jonas Hiller with a rebound.
1:28 of 1st period - Snap shot by Roman Josi.
1:28 of 1st period - Stopped by Jonas Hiller without a rebound.
1:29 of 1st period - Antoine Vermette wins face-off versus Milan Michalek in RedWings zone.
2:20 of 1st period - Penalty to Zenon Konopka is over, Zenon Konopka is back on ice.
2:23 of 1st period - Zenon Konopka is hit by Evander Kane and loses puck.
2:49 of 1st period - Wrist shot by Patrice Bergeron.
2:49 of 1st period - Deflect By Evander Kane.
2:49 of 1st period - Shot Blocked by Eric Gryba.
2:49 of 1st period - Puck is out of play.
2:50 of 1st period - Antoine Vermette wins face-off versus Milan Michalek in RedWings zone.
2:55 of 1st period - Snap shot by Roman Josi.
2:55 of 1st period - Stopped by Jonas Hiller without a rebound.
2:56 of 1st period - Antoine Vermette wins face-off versus Milan Michalek in RedWings zone.
3:20 of 1st period - Penalty to Alexei Emelin is over, Alexei Emelin is back on ice.
4:00 of 1st period - Zenon Konopka is hit by Brian Lashoff and loses puck.
4:26 of 1st period - Johnny Boychuk is hit by Antoine Vermette and loses puck.
4:31 of 1st period - Slapshot by Evander Kane.
4:31 of 1st period - Shot Misses the Net.
5:00 of 1st period - Off-side.
5:01 of 1st period - Patrick Maroon wins face-off versus Milan Michalek in neutral zone.
5:17 of 1st period - Snap shot by Antoine Vermette.
5:17 of 1st period - Stopped by Jonas Hiller without a rebound.
5:18 of 1st period - Antoine Vermette wins face-off versus Milan Michalek in RedWings zone.
6:20 of 1st period - Wrist shot by Pascal Dupuis.
6:20 of 1st period - Shot Misses the Net.
6:37 of 1st period - Icing by Chris VandeVelde.
6:38 of 1st period - Patrice Bergeron wins face-off versus Chris VandeVelde in RedWings zone.
6:55 of 1st period - Ed Jovanovski is hit by Bryan Bickell.
7:36 of 1st period - Milan Michalek is hit by Ed Jovanovski and loses puck.
8:56 of 1st period - Wrist shot by Patrice Bergeron.
8:56 of 1st period - Stopped by Jonas Hiller with a rebound.
8:58 of 1st period - Snap shot by Valtteri Filppula.
8:58 of 1st period - Stopped by Jonas Hiller without a rebound.
8:59 of 1st period - Chris VandeVelde wins face-off versus Patrice Bergeron in RedWings zone.
9:16 of 1st period - Slapshot by Bryan Bickell.
9:16 of 1st period - Deflect By David Moss.
9:16 of 1st period - Shot Blocked by Ed Jovanovski.
9:16 of 1st period - Puck is out of play.
9:17 of 1st period - Antoine Vermette wins face-off versus Chris VandeVelde in Predators zone.
10:00 of 1st period - Eric Fehr is hit by Johnny Boychuk and loses puck.
10:07 of 1st period - Slapshot by Ed Jovanovski.
10:07 of 1st period - Shot Blocked by Johnny Boychuk.
11:56 of 1st period - Slapshot by Jason Demers.
11:56 of 1st period - Shot Blocked by Ben Smith.
11:58 of 1st period - Snap shot by Zac Rinaldo.
11:58 of 1st period - Shot Misses the Net.
12:38 of 1st period - Nick Schultz is hit by Jason Demers and loses puck.
13:03 of 1st period - Slapshot by Paul Postma.
13:03 of 1st period - Shot Misses the Net.
13:15 of 1st period - Eric Gryba is hit by Patrice Bergeron and loses puck.
14:18 of 1st period - Tomas Plekanec is hit by Zenon Konopka and loses puck.
14:51 of 1st period - Milan Michalek is hit by Evander Kane and loses puck.
15:04 of 1st period - Minor Penalty to Alexei Emelin for Holding Stick.
15:05 of 1st period - Milan Michalek wins face-off versus Patrice Bergeron in RedWings zone.
16:00 of 1st period - Nick Schultz is hit by Milan Michalek and loses puck.
16:53 of 1st period - Backhand shot by Nick Leddy.
16:53 of 1st period - Deflect By Patrice Bergeron.
16:53 of 1st period - Stopped by Anders Lindback with a rebound.
16:55 of 1st period - Slapshot by Jason Demers.
16:55 of 1st period - Stopped by Anders Lindback with a rebound.
16:57 of 1st period - Snap shot by Zac Rinaldo.
16:57 of 1st period - Shot Misses the Net.
17:01 of 1st period - Backhand shot by Justin Abdelkader.
17:01 of 1st period - Shot Blocked by Nick Schultz.
17:04 of 1st period - Penalty to Alexei Emelin is over, Alexei Emelin is back on ice.
17:30 of 1st period - Slapshot by Nick Leddy.
17:30 of 1st period - Shot Hit the Post.
17:32 of 1st period - Slapshot by Eric Gryba.
17:32 of 1st period - Shot Blocked by Brian Lashoff.
17:34 of 1st period - Snap shot by David Moss.
17:34 of 1st period - Shot Misses the Net.
18:14 of 1st period - Pascal Dupuis is hit by Patrick Maroon and loses puck.
19:08 of 1st period - Slapshot by Johnny Boychuk.
19:08 of 1st period - Stopped by Anders Lindback with a rebound.
19:20 of 1st period - Snap shot by Pascal Dupuis.
19:20 of 1st period - Stopped by Anders Lindback with a rebound.
19:42 of 1st period - Snap shot by Ben Smith.
19:42 of 1st period - Shot Misses the Net.
19:44 of 1st period - Slapshot by Tomas Plekanec.
19:44 of 1st period - Shot Misses the Net.
Goals for this period are 0 for RedWings vs 1 for Predators.
Shots for this period are 4 for RedWings vs 11 for Predators.

2nd period


0:01 of 2nd period - Antoine Vermette wins face-off versus Justin Abdelkader in neutral zone.
0:08 of 2nd period - Snap shot by Evander Kane.
0:08 of 2nd period - Stopped by Jonas Hiller without a rebound.
0:09 of 2nd period - Justin Abdelkader wins face-off versus Antoine Vermette in RedWings zone.
0:14 of 2nd period - Trevor Daley is hit by Milan Michalek and loses puck.
0:18 of 2nd period - Icing by Antoine Vermette.
0:19 of 2nd period - Antoine Vermette wins face-off versus Milan Michalek in Predators zone.
0:28 of 2nd period - Wrist shot by Evander Kane.
0:28 of 2nd period - Shot Blocked by John-Michael Liles.
0:30 of 2nd period - Snap shot by Trevor Daley.
0:30 of 2nd period - Shot Blocked by John-Michael Liles.
0:38 of 2nd period - Wrist shot by Antoine Vermette.
0:38 of 2nd period - Stopped by Jonas Hiller with a rebound.
0:40 of 2nd period - Snap shot by Antoine Vermette.
0:40 of 2nd period - Stopped by Jonas Hiller without a rebound.
0:41 of 2nd period - Patrice Bergeron wins face-off versus Pascal Dupuis in RedWings zone.
0:52 of 2nd period - Slapshot by Valtteri Filppula.
0:52 of 2nd period - Stopped by Jonas Hiller with a rebound.
0:54 of 2nd period - Slapshot by Patrice Bergeron.
0:54 of 2nd period - Goal by Patrice Bergeron - RedWings : 0 - Predators : 2.
0:55 of 2nd period - Antoine Vermette wins face-off versus Justin Abdelkader in neutral zone.
1:22 of 2nd period - Snap shot by Justin Abdelkader.
1:22 of 2nd period - Shot Blocked by Roman Josi.
1:24 of 2nd period - Slapshot by John-Michael Liles.
1:24 of 2nd period - Stopped by Anders Lindback with a rebound.
1:26 of 2nd period - Slapshot by Devante Smith-Pelly.
1:26 of 2nd period - Stopped by Anders Lindback with a rebound.
1:28 of 2nd period - Slapshot by Johnny Boychuk.
1:28 of 2nd period - Shot Misses the Net.
1:30 of 2nd period - Snap shot by Devante Smith-Pelly.
1:30 of 2nd period - Shot Blocked by Ed Jovanovski.
1:32 of 2nd period - Snap shot by Justin Abdelkader.
1:32 of 2nd period - Shot Blocked by Roman Josi.
1:59 of 2nd period - Slapshot by Bryan Bickell.
1:59 of 2nd period - Shot Blocked by Corey Perry.
2:01 of 2nd period - Slapshot by Jason Demers.
2:01 of 2nd period - Stopped by Anders Lindback without a rebound.
2:02 of 2nd period - Pascal Dupuis wins face-off versus Patrice Bergeron in Predators zone.
2:09 of 2nd period - Snap shot by Pascal Dupuis.
2:09 of 2nd period - Stopped by Anders Lindback with a rebound.
2:11 of 2nd period - Snap shot by Zenon Konopka.
2:11 of 2nd period - Shot Misses the Net.
2:19 of 2nd period - Backhand shot by Jannik Hansen.
2:19 of 2nd period - Deflect By Pascal Dupuis.
2:19 of 2nd period - Shot Misses the Net.
2:19 of 2nd period - Puck is out of play.
2:20 of 2nd period - Tomas Plekanec wins face-off versus Pascal Dupuis in Predators zone.
2:20 of 2nd period - Tomas Plekanec is hit by Zenon Konopka.
2:34 of 2nd period - Wrist shot by Tomas Plekanec.
2:34 of 2nd period - Goal by Tomas Plekanec - RedWings : 0 - Predators : 3.
2:35 of 2nd period - Antoine Vermette wins face-off versus Justin Abdelkader in neutral zone.
2:50 of 2nd period - Johnny Boychuk is hit by Evander Kane and loses puck.
3:24 of 2nd period - Off-side.
3:25 of 2nd period - Patrice Bergeron wins face-off versus Chris VandeVelde in neutral zone.
3:35 of 2nd period - Off-side.
3:36 of 2nd period - Chris VandeVelde wins face-off versus Patrice Bergeron in neutral zone.
3:47 of 2nd period - David Moss is hit by Corey Perry and loses puck.
4:00 of 2nd period - Snap shot by Chris VandeVelde.
4:00 of 2nd period - Stopped by Anders Lindback with a rebound.
4:49 of 2nd period - Snap shot by Jannik Hansen.
4:49 of 2nd period - Shot Misses the Net.
4:51 of 2nd period - Slapshot by Eric Gryba.
4:51 of 2nd period - Goal by Eric Gryba - RedWings : 1 - Predators : 3.
4:52 of 2nd period - Antoine Vermette wins face-off versus Justin Abdelkader in neutral zone.
4:57 of 2nd period - Wrist shot by Evander Kane.
4:57 of 2nd period - Deflect By Damien Brunner.
4:57 of 2nd period - Shot Blocked by Johnny Boychuk.
4:57 of 2nd period - Puck is out of play.
4:58 of 2nd period - Justin Abdelkader wins face-off versus Antoine Vermette in RedWings zone.
5:10 of 2nd period - Slapshot by Evander Kane.
5:10 of 2nd period - Stopped by Jonas Hiller with a rebound.
5:17 of 2nd period - Minor Penalty to Johnny Boychuk for Interference.
5:18 of 2nd period - Antoine Vermette wins face-off versus Milan Michalek in RedWings zone.
5:28 of 2nd period - Wrist shot by Valtteri Filppula.
5:28 of 2nd period - Shot Misses the Net.
6:10 of 2nd period - Trevor Daley is hit by Justin Abdelkader and loses puck.
6:30 of 2nd period - Trevor Daley is hit by David Moss and loses puck.
6:45 of 2nd period - Slapshot by Jannik Hansen.
6:45 of 2nd period - Shot Misses the Net.
6:47 of 2nd period - Slapshot by Jason Demers.
6:47 of 2nd period - Stopped by Anders Lindback with a rebound.
6:49 of 2nd period - Snap shot by Jannik Hansen.
6:49 of 2nd period - Stopped by Anders Lindback with a rebound.
6:51 of 2nd period - Slapshot by Jannik Hansen.
6:51 of 2nd period - Stopped by Anders Lindback without a rebound.
6:52 of 2nd period - Antoine Vermette wins face-off versus Milan Michalek in Predators zone.
6:54 of 2nd period - Minor Penalty to Antoine Vermette for Holding.
6:55 of 2nd period - Patrice Bergeron wins face-off versus Milan Michalek in Predators zone.
7:17 of 2nd period - Penalty to Johnny Boychuk is over, Johnny Boychuk is back on ice.
7:58 of 2nd period - Snap shot by Jannik Hansen.
7:58 of 2nd period - Shot Misses the Net.
8:44 of 2nd period - Snap shot by Bryan Bickell.
8:44 of 2nd period - Stopped by Anders Lindback with a rebound.
8:54 of 2nd period - Penalty to Antoine Vermette is over, Antoine Vermette is back on ice.
9:29 of 2nd period - Snap shot by Antoine Vermette.
9:29 of 2nd period - Stopped by Jonas Hiller with a rebound.
9:31 of 2nd period - Snap shot by Brian Lashoff.
9:31 of 2nd period - Stopped by Jonas Hiller with a rebound.
9:49 of 2nd period - Brian Lashoff is hit by Bryan Bickell and loses puck.
11:03 of 2nd period - Minor Penalty to Jannik Hansen for Interference.
11:04 of 2nd period - Milan Michalek wins face-off versus Antoine Vermette in RedWings zone.
11:38 of 2nd period - Wrist shot by Evander Kane.
11:38 of 2nd period - Stopped by Jonas Hiller with a rebound.
11:40 of 2nd period - Snap shot by Patrice Bergeron.
11:40 of 2nd period - Stopped by Jonas Hiller without a rebound.
11:41 of 2nd period - Patrice Bergeron wins face-off versus Milan Michalek in RedWings zone.
13:03 of 2nd period - Penalty to Jannik Hansen is over, Jannik Hansen is back on ice.
13:19 of 2nd period - Tomas Plekanec is hit by Alexei Emelin and loses puck.
13:26 of 2nd period - Slapshot by Trevor Daley.
13:26 of 2nd period - Shot Misses the Net.
13:28 of 2nd period - Snap shot by Ben Smith.
13:28 of 2nd period - Shot Misses the Net.
13:30 of 2nd period - Snap shot by Eric Fehr.
13:30 of 2nd period - Stopped by Jonas Hiller with a rebound.
13:32 of 2nd period - Snap shot by Brian Lashoff.
13:32 of 2nd period - Shot Misses the Net.
13:48 of 2nd period - Snap shot by Antoine Vermette.
13:48 of 2nd period - Stopped by Jonas Hiller with a rebound.
14:11 of 2nd period - Snap shot by Bryan Bickell.
14:11 of 2nd period - Stopped by Anders Lindback without a rebound.
14:12 of 2nd period - Tomas Plekanec wins face-off versus Chris VandeVelde in Predators zone.
14:28 of 2nd period - Minor Penalty to Roman Josi for Diving.
14:29 of 2nd period - Antoine Vermette wins face-off versus Justin Abdelkader in Predators zone.
15:05 of 2nd period - Snap shot by Bryan Bickell.
15:05 of 2nd period - Stopped by Anders Lindback without a rebound.
15:06 of 2nd period - Tomas Plekanec wins face-off versus David Moss in Predators zone.
15:21 of 2nd period - Snap shot by Jannik Hansen.
15:21 of 2nd period - Shot Misses the Net.
15:23 of 2nd period - Slapshot by Johnny Boychuk.
15:23 of 2nd period - Stopped by Anders Lindback without a rebound.
15:24 of 2nd period - Antoine Vermette wins face-off versus Justin Abdelkader in Predators zone.
15:45 of 2nd period - Justin Abdelkader is hit by Eric Fehr and loses puck.
16:28 of 2nd period - Penalty to Roman Josi is over, Roman Josi is back on ice.
16:45 of 2nd period - Wrist shot by Pascal Dupuis.
16:45 of 2nd period - Stopped by Anders Lindback with a rebound.
16:47 of 2nd period - Slapshot by John-Michael Liles.
16:47 of 2nd period - Shot Blocked by Nick Schultz.
16:49 of 2nd period - Snap shot by Pascal Dupuis.
16:49 of 2nd period - Shot Misses the Net.
17:13 of 2nd period - Victor Bartley is hit by Zac Rinaldo and loses puck.
17:36 of 2nd period - Snap shot by Valtteri Filppula.
17:36 of 2nd period - Stopped by Jonas Hiller with a rebound.
18:00 of 2nd period - Slapshot by David Moss.
18:00 of 2nd period - Shot Blocked by Brian Lashoff.
18:02 of 2nd period - Wrist shot by Bryan Bickell.
18:02 of 2nd period - Stopped by Anders Lindback with a rebound.
18:23 of 2nd period - Icing by Evander Kane.
18:24 of 2nd period - Tomas Plekanec wins face-off versus Pascal Dupuis in Predators zone.
18:24 of 2nd period - Tomas Plekanec is hit by Zenon Konopka.
18:30 of 2nd period - Alexei Emelin is hit by Victor Bartley and loses puck.
19:22 of 2nd period - Chris VandeVelde is hit by Corey Tropp and loses puck.
19:48 of 2nd period - Minor Penalty to Justin Abdelkader for Hooking.
19:49 of 2nd period - Patrice Bergeron wins face-off versus Milan Michalek in RedWings zone.
Goals for this period are 1 for RedWings vs 2 for Predators.
Shots for this period are 15 for RedWings vs 14 for Predators.

3rd period


0:01 of 3rd period - Milan Michalek wins face-off versus Patrice Bergeron in neutral zone.
0:04 of 3rd period - Slapshot by Johnny Boychuk.
0:04 of 3rd period - Shot Blocked by Damien Brunner.
0:58 of 3rd period - Jannik Hansen is hit by Corey Perry and loses puck.
1:48 of 3rd period - Penalty to Justin Abdelkader is over, Justin Abdelkader is back on ice.
2:47 of 3rd period - Roman Josi is hit by Bryan Bickell and loses puck.
3:45 of 3rd period - Snap shot by Patrice Bergeron.
3:45 of 3rd period - Deflect By Valtteri Filppula.
3:45 of 3rd period - Stopped by Jonas Hiller with a rebound.
4:46 of 3rd period - Snap shot by Valtteri Filppula.
4:46 of 3rd period - Stopped by Jonas Hiller with a rebound.
4:50 of 3rd period - Wrist shot by Valtteri Filppula.
4:50 of 3rd period - Shot Blocked by Pascal Dupuis.
4:52 of 3rd period - Wrist shot by Valtteri Filppula.
4:52 of 3rd period - Stopped by Jonas Hiller with a rebound.
4:54 of 3rd period - Slapshot by Victor Bartley.
4:54 of 3rd period - Shot Misses the Net.
4:56 of 3rd period - Snap shot by Patrice Bergeron.
4:56 of 3rd period - Stopped by Jonas Hiller without a rebound.
4:57 of 3rd period - Patrice Bergeron wins face-off versus Chris VandeVelde in RedWings zone.
5:08 of 3rd period - Wrist shot by David Moss.
5:08 of 3rd period - Goal by David Moss - RedWings : 2 - Predators : 3.
5:09 of 3rd period - Tomas Plekanec wins face-off versus Chris VandeVelde in neutral zone.
5:12 of 3rd period - Slapshot by Trevor Daley.
5:12 of 3rd period - Shot Misses the Net.
5:23 of 3rd period - Slapshot by Johnny Boychuk.
5:23 of 3rd period - Deflect By Trevor Daley.
5:23 of 3rd period - Stopped by Anders Lindback with a rebound.
5:25 of 3rd period - Snap shot by David Moss.
5:25 of 3rd period - Shot Blocked by Nick Schultz.
5:27 of 3rd period - Slapshot by Bryan Bickell.
5:27 of 3rd period - Shot Blocked by Tomas Plekanec.
5:39 of 3rd period - Bryan Bickell is hit by Eric Fehr and loses puck.
5:45 of 3rd period - Off-side.
5:46 of 3rd period - Pascal Dupuis wins face-off versus Patrice Bergeron in neutral zone.
6:50 of 3rd period - Wrist shot by David Moss.
6:50 of 3rd period - Goal by David Moss - RedWings : 3 - Predators : 3.
6:51 of 3rd period - Chris VandeVelde wins face-off versus Tomas Plekanec in neutral zone.
7:01 of 3rd period - Minor Penalty to Trevor Daley for Goalie Interference.
7:02 of 3rd period - Antoine Vermette wins face-off versus Justin Abdelkader in Predators zone.
7:10 of 3rd period - Wrist shot by Justin Abdelkader.
7:10 of 3rd period - Shot Blocked by Tomas Plekanec.
9:01 of 3rd period - Penalty to Trevor Daley is over, Trevor Daley is back on ice.
9:06 of 3rd period - Wrist shot by Bryan Bickell.
9:06 of 3rd period - Shot Misses the Net.
9:14 of 3rd period - Minor Penalty to Zenon Konopka for Diving.
9:15 of 3rd period - Milan Michalek wins face-off versus Patrice Bergeron in RedWings zone.
9:26 of 3rd period - Johnny Boychuk is hit by Damien Brunner and loses puck.
10:06 of 3rd period - David Moss is hit by Corey Perry and loses puck.
10:17 of 3rd period - Zac Rinaldo is hit by Roman Josi and loses puck.
10:46 of 3rd period - Wrist shot by David Moss.
10:46 of 3rd period - Deflect By Jannik Hansen.
10:46 of 3rd period - Shot Misses the Net.
10:46 of 3rd period - Puck is out of play.
10:47 of 3rd period - Patrice Bergeron wins face-off versus David Moss in Predators zone.
10:47 of 3rd period - Patrice Bergeron is hit by John-Michael Liles.
11:05 of 3rd period - Slapshot by Evander Kane.
11:05 of 3rd period - Stopped by Jonas Hiller without a rebound.
11:06 of 3rd period - Patrice Bergeron wins face-off versus Milan Michalek in RedWings zone.
11:13 of 3rd period - Slapshot by Evander Kane.
11:13 of 3rd period - Stopped by Jonas Hiller with a rebound.
11:14 of 3rd period - Penalty to Zenon Konopka is over, Zenon Konopka is back on ice.
11:15 of 3rd period - Slapshot by Nick Schultz.
11:15 of 3rd period - Stopped by Jonas Hiller without a rebound.
11:16 of 3rd period - Bryan Bickell wins face-off versus Tomas Plekanec in RedWings zone.
11:44 of 3rd period - Ben Smith is hit by Eric Gryba.
12:25 of 3rd period - Snap shot by Valtteri Filppula.
12:25 of 3rd period - Goal by Valtteri Filppula - RedWings : 3 - Predators : 4.
12:26 of 3rd period - Justin Abdelkader wins face-off versus Antoine Vermette in neutral zone.
12:44 of 3rd period - Johnny Boychuk is hit by Antoine Vermette and loses puck.
12:51 of 3rd period - Antoine Vermette is hit by Justin Abdelkader.
13:17 of 3rd period - Patrice Bergeron is hit by Pascal Dupuis.
14:04 of 3rd period - Snap shot by Tomas Plekanec.
14:04 of 3rd period - Shot Misses the Net.
14:30 of 3rd period - Chris VandeVelde is hit by Brian Lashoff and loses puck.
14:43 of 3rd period - Ben Smith is hit by Chris VandeVelde and loses puck.
15:00 of 3rd period - Slapshot by Alexei Emelin.
15:00 of 3rd period - Stopped by Anders Lindback with a rebound.
16:37 of 3rd period - Eric Gryba is hit by Ed Jovanovski and loses puck.
18:17 of 3rd period - John-Michael Liles is hit by Antoine Vermette and loses puck.
18:26 of 3rd period - Trevor Daley is hit by Pascal Dupuis and loses puck.
19:19 of 3rd period - Chris VandeVelde is hit by Evander Kane and loses puck.
19:42 of 3rd period - Wrist shot by Evander Kane.
19:42 of 3rd period - Stopped by Jonas Hiller with a rebound.
19:48 of 3rd period - RedWings, Jonas Hiller is pulled from the net.
Goals for this period are 2 for RedWings vs 1 for Predators.
Shots for this period are 4 for RedWings vs 9 for Predators.


Output by the SimonT Hockey Simulator (STHS) for Eric Dolegowski -- Original Page W3C XHTML 1.0 Valid
Hockey Simulator - Hockey Simulation - Hockey Manager